 Dungeon Crawl Stone Soup version 0.21-a0-508-gf08a75f (webtiles) character file.

135 Gerstahl the Skirmisher (level 5, -8/50 HPs)
             Began as a Naga Skald on Nov 29, 2017.
             Mangled by Sigmund
             ... wielding a +0 scythe
              (12 damage)
             ... on level 3 of the Dungeon.
             The game lasted 00:07:51 (2288 turns).

Gerstahl the Skirmisher (Naga Skald)                Turns: 2288, Time: 00:07:52

Health: -8/50      AC:  3    Str: 14    XL:     5   Next: 18%
Magic:  8/8        EV:  9    Int: 14    God:
Gold:   143        SH:  0    Dex: 10    Spells: 5/8 levels left

rFire    . . .     SeeInvis +   a - +0 falchion
rCold    . . .     Gourm    .   (no shield)
rNeg     . . .     Faith    .   b - +0 leather armour
rPois    +         Spirit   .   (no helmet)
rElec    .         Reflect  .   (no cloak)
rCorr    .         Harm     .   (no gloves)
MR       .....                  (no barding)
Stlth    +.........             (no amulet)
HPRegen  0.16/turn              (no ring)
MPRegen  0.11/turn              (no ring)

@: short of breath, very slow
A: large, see invisible, deformed body, poison resistance, slowness 2, slow
metabolism 1, spit poison 1, AC +1
a: Spit Poison


You were on level 3 of the Dungeon.
You were hungry.

You visited 1 branch of the dungeon, and saw 3 of its levels.

You collected 143 gold pieces.

Inventory:

Hand Weapons
 a - a +0 falchion (weapon)
Armour
 b - a +0 leather armour (worn)
Wands
 o - a wand of random effects (35)
 p - a wand of enslavement (11)
Scrolls
 e - 5 scrolls of identify {unknown}
 g - 2 scrolls of random uselessness {unknown}
 j - a scroll of amnesia {unknown}
 m - a scroll of remove curse {unknown}
 r - a scroll of magic mapping {unknown}
Potions
 h - a potion of flight {unknown}
 k - a potion of mutation {unknown}
 l - a potion of ambrosia {unknown}
 n - a potion of cancellation {unknown}
 q - 3 potions of might {unknown}
 t - a potion of brilliance {unknown}
Books
 c - a book of Battle

   Spells                             Type                      Level
   a - Infusion                       Charms                       1
   b - Shroud of Golubria             Charms/Translocation         2
   c - Song of Slaying                Charms                       2
   d - Spectral Weapon                Hexes/Charms                 3
   e - Regeneration                   Charms/Necromancy            3
Comestibles
 d - 3 bread rations
 f - 4 royal jellies
 s - 2 meat rations
 u - 4 chunks of flesh


   Skills:
 + Level 3.9 Fighting
 + Level 3.9 Long Blades
 - Level 0.7 Armour
 - Level 1.5 Dodging
 - Level 2.0 Spellcasting
 - Level 3.0 Charms


You had 5 spell levels left.
You knew the following spells:

 Your Spells              Type           Power        Failure   Level  Hunger
a - Infusion              Chrm           #...         9%          1    ##.....
b - Song of Slaying       Chrm           #.......     13%         2    ###....


Dungeon Overview and Level Annotations

Branches:
Dungeon (3/15)

Altars:

Annotations:
D:3 Sigmund


Innate Abilities, Weirdness & Mutations

You cannot wear boots.
Your serpentine skin is tough. (AC +1)
You have supernaturally acute eyesight. (SInv)
Armour fits poorly on your strangely shaped body.
Your system is resistant to poisons. (rPois)
You cover ground very slowly.
You have a slow metabolism.
You can spit poison.


Message History

You bump into the rock wall.
Sigmund hits you from afar with a scythe.
You're too confused to move!
Sigmund looks more healthy.
Sigmund casts a spell at you. The puff of flame hits you!
* * * LOW HITPOINT WARNING * * *
You feel less confused.
Sigmund drinks a potion.
Sigmund is healed!
You see here a goblin skeleton.
Sigmund hits you but does no damage.
Press: ? - help, Shift-Dir - straight line, f/p - Sigmund
Aim: Sigmund, wielding a scythe and wearing a robe (moderately wounded, slightly transparent)
The splash of poison hits Sigmund.
Sigmund is poisoned.
Sigmund is heavily wounded.
You are feeling hungry.
Sigmund gestures at you while chanting. The magic dart hits you!
* * * LOW HITPOINT WARNING * * *
Sigmund hits you from afar with a scythe!
You die...

#.#.#..# #.#
#######.#....#
#.#
..........#.##
#.#
######.#.#...
#.#
#.#.######.#
#.#.....[..#
#.#.########
#.##########.#
#..@.@รท....$.#
#######.....%..
#........
#........
#........
#........
#.$......
#........


You could see Sigmund (invisible).

Vanquished Creatures
  Jessica (D:3)
  Terence (D:2)
  2 adders (D:2)
  A worm (D:2)
  4 dart slugs
  A leopard gecko (D:2)
  2 orcs (D:3)
  A ball python (D:2)
  3 bats
  2 giant cockroaches
  7 hobgoblins
  6 kobolds
  3 frilled lizards
  10 goblins
  9 rats
53 creatures vanquished.

Notes
Turn   | Place    | Note
-------+----------+-------------------------------------------
     0 | D:1      | Gerstahl the Naga Skald began the quest for the Orb.
     0 | D:1      | Reached XP level 1. HP: 19/19 MP: 3/3
   135 | D:1      | Reached XP level 2. HP: 8/27 MP: 5/5
   553 | D:1      | Reached XP level 3. HP: 23/33 MP: 3/6
   914 | D:2      | Noticed Terence
   923 | D:2      | Killed Terence
   923 | D:2      | Reached XP level 4. HP: 17/42 MP: 4/7
  1367 | D:2      | Learned a level 2 spell: Song of Slaying
  1852 | D:3      | Noticed Jessica
  1864 | D:3      | Killed Jessica
  1864 | D:3      | Reached XP level 5. HP: 27/50 MP: 8/8
  2269 | D:3      | Noticed Sigmund
  2288 | D:3      | Mangled by Sigmund

Vault maps used:
D:1:      minmay_arrival_stone_box
D:2:      first_bread, uniq_terence
D:3:      uniq_sigmund, uniq_jessica

Skill      XL: |  1  2  3 |
---------------+----------+-----
Fighting       | 3 |  3.9
Long Blades    | 3 |  3.9
Armour         | |  0.7
Dodging        | |  1.5
Spellcasting   | |  2.0
Charms         | |  3.0

Action                   |  1- 3 |  4- 6 || total
-------------------------+-------+-------++-------
Melee: Falchion          |    52 |    55 ||   107
 Cast: Infusion          |     3 |     2 ||     5
 Abil: Spit Poison       |    18 |    21 ||    39
Evoke: Wand              |       |     1 ||     1
  Use: Potion            |       |     2 ||     2
  Eat: Chunk             |       |     5 ||     5
Armor: Leather armour    |    21 |    15 ||    36
Dodge: Dodged            |    32 |    33 ||    65
       Rpst.: Falchion   |     6 |     8 ||    14

Table legend:
 A = Spawn XP
 B = Non-spawn XP
 C = Spawn XP percentage of total XP
 D = Spawn monster count
 E = Non-spawn monster count
 F = Spawn count percentage of total count
 G = Total turns spent on level
                    A         B        C        D         E        F      G
               +---------+---------+-------+---------+---------+-------+---------
         Total |       0 |     193 |   0.0 |       0 |      53 |   0.0 |  2288
               +---------+---------+-------+---------+---------+-------+---------
           D:1 |       0 |      38 |   0.0 |       0 |      22 |   0.0 |   809
           D:2 |       0 |     106 |   0.0 |       0 |      24 |   0.0 |   897
           D:3 |       0 |      49 |   0.0 |       0 |       7 |   0.0 |   582
               +---------+---------+-------+---------+---------+-------+---------
